 Dungeon Crawl Stone Soup version 0.32-a0-119-g2e8054a333 (webtiles) character file.

Game seed: 16967589108099564027

648 Sobieck the Thrower (level 7, -6/51 HPs)
             Began as a Gnoll Wanderer on Feb 6, 2024.
             Splashed by a jelly's acid (7 damage)
             ... on level 4 of the Dungeon.
             The game lasted 00:06:21 (3994 turns).

Sobieck the Thrower (Gnoll Wanderer)                Turns: 3994, Time: 00:06:22

Health: -6/51      AC:  4    Str: 10    XL:     7   Next: 53%
Magic:  10/12      EV: 15    Int: 13    God:
Gold:   149        SH:  5    Dex: 13    Spells: 12/13 levels left

rFire   . . .        a - +4 short sword
rCold   . . .        (no shield)
rNeg    . . .        e - +0 robe
rPois   .            (no helmet)
rElec   .            s - +0 cloak
rCorr   .            (no gloves)
SInv    .            c - +0 pair of boots
Will    +....        k - amulet of reflection
Stlth   ++           q - ring of willpower
HPRegen 0.28/turn    (no ring)
MPRegen 0.13/turn

%: reflection
@: no status effects
A: fangs 1, strong nose, distributed training
a: no special abilities


You were on level 4 of the Dungeon.
You visited 1 branch of the dungeon, and saw 4 of its levels.

You collected 149 gold pieces.

Inventory:

Hand Weapons
 a - a +4 short sword (weapon)
 f - a +1 heavy spear
 l - a +2 dagger
Missiles
 h - 4 poisoned darts
 r - 2 curare-tipped darts
 u - 17 stones
Armour
 c - a +0 pair of boots (worn)
 e - a +0 robe (worn)
 s - a +0 cloak (worn)
Magical Staves
 b - a staff of alchemy
Jewellery
 k - an amulet of reflection (around neck)
 q - a ring of willpower (left hand)
Wands
 v - a wand of polymorph (6)
Scrolls
 n - a scroll of revelation
 o - a scroll of immolation {unknown}
Potions
 d - a potion of berserk rage
 g - a potion of enlightenment {unknown}
 i - 2 potions of magic
 j - a potion of haste {unknown}
 m - 2 potions of lignification
 p - a potion of ambrosia
 t - a potion of brilliance


   Skills:
 + Level 2.6 Fighting
 + Level 2.6 Short Blades
 + Level 2.6 Long Blades
 + Level 2.6 Axes
 + Level 2.6 Maces & Flails
 + Level 2.6 Polearms
 + Level 2.6 Staves
 + Level 2.6 Ranged Weapons
 + Level 10.8 Throwing
 + Level 2.6 Armour
 + Level 7.1 Dodging
 + Level 2.6 Stealth
 + Level 2.6 Shields
 + Level 2.6 Unarmed Combat
 + Level 3.9 Spellcasting
 + Level 2.1 Conjurations
 + Level 2.1 Hexes
 + Level 2.1 Summonings
 + Level 2.1 Necromancy
 + Level 2.1 Translocations
 + Level 2.1 Fire Magic
 + Level 2.1 Ice Magic
 + Level 2.1 Air Magic
 + Level 2.1 Earth Magic
 + Level 3.1 Alchemy
 + Level 3.0 Invocations
 + Level 2.6 Evocations
 + Level 2.4 Shapeshifting


You had 12 spell levels left.
You knew the following spells:

 Your Spells              Type           Power      Damage    Failure   Level
a - Sting                 Conj/Alch      36%        1d5       7%          1

Your spell library contained the following spells:

 Spells                   Type           Power      Damage    Failure   Level
 Mephitic Cloud           Conj/Alch/Air  9%         N/A       22%         3


Dungeon Overview and Level Annotations

Branches:
Dungeon (4/15)
 Temple: D:4-7

Altars:
Dithmenos


Innate Abilities, Weirdness & Mutations

You have very sharp teeth.
Your uncanny sense of smell can sniff out nearby items.
Your experience applies equally to all skills.


Message History

Unknown command.
Unknown command.
Menkaure shouts!
Menkaure calls on the powers of darkness!
Your body is wracked with pain!
* * * LOW HITPOINT WARNING * * *
You start resting.
Menkaure is nearby!
Unknown command.
Unknown command.
a - a +4 short sword (weapon)
Unknown command.
Unknown command.
A jelly comes into view.
Menkaure hits you.
* * * LOW HITPOINT WARNING * * *
Unknown command.
The jelly quivers.
You hit Menkaure.
Menkaure is lightly damaged.
Menkaure casts a spell at you. Pain shoots through your body!
* * * LOW HITPOINT WARNING * * *
You hit Menkaure.
Menkaure is lightly damaged.
Unknown command.
You hit Menkaure. You bite Menkaure.
Menkaure is moderately damaged.
Menkaure misses you.
You hit Menkaure.
Menkaure is heavily damaged.
Menkaure casts a spell.
Menkaure seems to speed up.
Unknown command.
You hit Menkaure but do no damage. You bite Menkaure, but do no damage.
Menkaure is heavily damaged.
Menkaure hits you!
* * * LOW HITPOINT WARNING * * *
You hit Menkaure.
Menkaure is severely damaged.
Menkaure calls on the powers of darkness!
You feel a surge of unholy energy.
The jelly convulses!
Unknown command.
You puncture Menkaure!
You destroy Menkaure!
Your Invocations skill increases to level 3!
The jelly hits you.
* * * LOW HITPOINT WARNING * * *
You are splashed with acid!
You die...

#...##.....#...#############
#.....#....#...#############
#.o....#..#..))'......<#####
#<[....###....†#############
#.....###..........#########
*****#....#..#......###.#########
,,,,,....#....#...>.....#########
*****#...#.....##...).###########
*#.........J@..##.#.#########
*****...#####...##.##.#...#######
*,,,,...#***###.##.##.#.#.#
*,,,,,,,,,,,..#.##.##.#.#.##
*,,,,,,,****#.#.##.##......#
,,******* #.#.##.####.####
*,,,,*#######.#.##.# #.#
*,,,,*#.........##.####.#
*,,,,,#.................#


You could see a jelly.

Vanquished Creatures
  Grinder (D:3)
  Menkaure (D:4)
  A bombardier beetle (D:3)
  A jelly (D:4)
  An orc priest (D:3)
  Crazy Yiuf (D:2)
  Jessica (D:2)
  Terence (D:2)
  An iguana (D:3)
  4 adders
  5 dart slugs
  3 ribbon worms (D:2)
  6 orcs
  7 ball pythons
  5 bats
  9 endoplasms
  5 giant cockroaches
  4 goblins
  8 hobgoblins
  4 jackals (D:1)
  5 kobolds
  4 quokkas
  4 frilled lizards
  3 rats
85 creatures vanquished.

Notes
Turn   | Place    | Note
-------+----------+-------------------------------------------
     0 | D:1      | Reached skill level 10 in Throwing
     0 | D:1      | Sobieck the Gnoll Wanderer began the quest for the Orb.
     0 | D:1      | Sobieck set off with the following items: a +2 dagger, 2
                  | curare-tipped darts, a +0 pair of boots, a potion of
                  | berserk rage, a +0 robe; and the following spell memorised:
                  | Sting; and the following spells available to memorise:
                  | Mephitic Cloud.
     0 | D:1      | Reached XP level 1. HP: 13/13 MP: 4/4
   113 | D:1      | Reached XP level 2. HP: 15/19 MP: 5/5
   454 | D:1      | Reached XP level 3. HP: 18/25 MP: 7/7
   582 | D:1      | Reached skill level 1 in Invocations
   845 | D:2      | Found a runed translucent door.
   846 | D:2      | Noticed Crazy Yiuf
   894 | D:2      | Reached skill level 1 in Fighting
   894 | D:2      | Reached skill level 1 in Short Blades
   894 | D:2      | Reached skill level 1 in Long Blades
   894 | D:2      | Reached skill level 1 in Axes
   894 | D:2      | Reached skill level 1 in Maces & Flails
   894 | D:2      | Reached skill level 1 in Polearms
   894 | D:2      | Reached skill level 1 in Staves
   894 | D:2      | Reached skill level 1 in Ranged Weapons
   894 | D:2      | Reached skill level 1 in Armour
   894 | D:2      | Reached skill level 1 in Stealth
   894 | D:2      | Reached skill level 1 in Shields
   894 | D:2      | Reached skill level 1 in Unarmed Combat
   894 | D:2      | Reached skill level 1 in Evocations
   982 | D:2      | Reached skill level 1 in Shapeshifting
   982 | D:2      | Reached XP level 4. HP: 28/32 MP: 8/8
  1007 | D:2      | Reached skill level 3 in Spellcasting
  1184 | D:2      | Noticed Terence
  1190 | D:2      | Killed Terence
  1191 | D:2      | Reached skill level 1 in Conjurations
  1191 | D:2      | Reached skill level 1 in Hexes
  1191 | D:2      | Reached skill level 1 in Summonings
  1191 | D:2      | Reached skill level 1 in Necromancy
  1191 | D:2      | Reached skill level 1 in Translocations
  1191 | D:2      | Reached skill level 1 in Fire Magic
  1191 | D:2      | Reached skill level 1 in Ice Magic
  1191 | D:2      | Reached skill level 1 in Air Magic
  1191 | D:2      | Reached skill level 1 in Earth Magic
  1613 | D:2      | Noticed Jessica
  1618 | D:2      | Killed Jessica
  1619 | D:2      | Reached XP level 5. HP: 37/37 MP: 4/9
  1948 | D:2      | Killed Crazy Yiuf
  2110 | D:3      | Found a shadowy altar of Dithmenos.
  2633 | D:3      | Reached XP level 6. HP: 44/44 MP: 3/11
  2768 | D:3      | Noticed Grinder
  2817 | D:3      | Killed Grinder
  2818 | D:3      | Reached XP level 7. HP: 29/50 MP: 1/12
  3461 | D:4      | Noticed Menkaure
  3959 | D:4      | Reached skill level 3 in Alchemy
  3991 | D:4      | HP: 2/51 [Menkaure (17)]
  3993 | D:4      | Killed Menkaure
  3994 | D:4      | Reached skill level 3 in Invocations
  3994 | D:4      | Splashed by a jelly's acid

Illustrated notes

Levels and vault maps discovered:
D:1:      ebering_trefoil_3fold, layout_loops_ring, grunt_decor_cap
D:2:      layout_loops_ring, uniq_terence, uniq_jessica, uniq_crazy_yiuf_cottage
D:3:      layout_basic, nicolae_dithmenos_shadow_blocks, grunt_ministairs_11,
          uniq_grinder
D:4:      layout_basic, minmay_misc_feat_chi, bh_walls_and_bars, uniq_sigmund,
          uniq_duvessa, uniq_menkaure

Skill      XL: |  1  2  3  4  5  6  7 |
---------------+----------------------+-----
Throwing       | | 10.8
Alchemy        | 2 3 |  3.1
Invocations    | 1 2 3 |  3.0
Fighting       | 1 2 |  2.6
Short Blades   | 1 2 |  2.6
Long Blades    | 1 2 |  2.6
Axes           | 1 2 |  2.6
Maces & Flails | 1 2 |  2.6
Polearms       | 1 2 |  2.6
Staves         | 1 2 |  2.6
Ranged Weapons | 1 2 |  2.6
Armour         | 1 2 |  2.6
Stealth        | 1 2 |  2.6
Shields        | 1 2 |  2.6
Unarmed Combat | 1 2 |  2.6
Evocations     | 1 2 |  2.6
Shapeshifting  | 1 2 |  2.4
Spellcasting   | 3 |  3.9
Conjurations   | 1 2 |  2.1
Hexes          | 1 2 |  2.1
Summonings     | 1 2 |  2.1
Necromancy     | 1 2 |  2.1
Translocations | 1 2 |  2.1
Fire Magic     | 1 2 |  2.1
Ice Magic      | 1 2 |  2.1
Air Magic      | 1 2 |  2.1
Earth Magic    | 1 2 |  2.1
Dodging        | 7 |  7.1

Action                     |  1- 3 |  4- 6 |  7- 9 || total
---------------------------+-------+-------+-------++-------
  Melee: Dagger            |    46 |       |       ||    46
         Bite              |     8 |     4 |     2 ||    14
         Spear             |    85 |       |       ||    85
         Short sword       |     7 |    28 |     8 ||    43
         Punch             |     3 |     1 |       ||     4
         Staff             |       |       |     1 ||     1
  Throw: Stone             |     2 |       |       ||     2
   Cast: Sting             |       |    85 |    40 ||   125
    Use: Scroll            |       |       |     5 ||     5
   Stab: Sleeping          |     1 |       |       ||     1
 Armour: Robe              |    72 |    18 |    12 ||   102
  Dodge: Dodged            |   114 |    32 |    20 ||   166
  Block: Other             |     1 |     9 |     1 ||    11
         Reflection        |       |     1 |       ||     1

Table legend: (Time is in decaauts)
 A = Elapsed time spent in this place.
 B = Non-inter-level travel time spent in this place.
 C = Inter-level travel time spent in this place.
 D = Time resting spent in this place.
 E = Time spent auto-exploring this place.
 F = Levels seen in this place.
 G = Mean time per level.
                   A        B        C        D        E       F      G
               +--------+--------+--------+--------+--------+-----+--------+
         Total |   4038 |   3798 |    240 |    423 |   2681 |   4 | 1009.5 |
       Dungeon |   4038 |   3798 |    240 |    423 |   2681 |   4 | 1009.5 |
               +--------+--------+--------+--------+--------+-----+--------+

Top non-repeatable levels by time:
     D:3: 1689 daAuts
     D:2: 1274 daAuts
     D:1: 876 daAuts
     D:4: 198 daAuts
